[Event "January 9 Late 2024"]
[Site "https://www.chess.com"]
[Date "2024.01.09"]
[Round "9"]
[White "Sailer, Mike"]
[Black "Fareh, Youness"]
[Result "1-0"]
[Board "144"]
[TimeControl "180+1"]
[WhiteFideId "2012901"]
[BlackFideId "9000526"]
[WhiteElo "2204"]
[BlackElo "2047"]
[WhiteTeam "USA"]
[BlackTeam "MAR"]
[WhiteClock "0:00:17"]
[BlackClock "0:01:37"]

1. d4 Nf6 2. Bf4 c5 3. e3 cxd4 4. exd4 d5 5. Nf3 g6 6. Be2 Bg7 7. c3 O-O 8. Nbd2 Bg4 9. O-O e6 10. h3 Bxf3 11. Bxf3 Nc6 12. Be2 a5 13. Nf3 a4 14. a3 Qb6 15. Qc1 Qb3 16. Nd2 Qb6 17. Bd6 Rfe8 18. Bc5 Qc7 19. Bb5 b6 20. Bb4 Rec8 21. Nf3 Ne4 22. Re1 Nxb4 23. axb4 Ra7 24. Rxa4 Rca8 25. Rxa7 Rxa7 26. Bd3 f5 27. Bb1 Qc4 28. Qe3 Ra1 29. Bxe4 Rxe1+ 30. Qxe1 dxe4 31. Nh2 Qxc3 32. bxc3 1-0

[Event "January 9 Late 2024"]
[Site "https://www.chess.com"]
[Date "2024.01.09"]
[Round "9"]
[White "Reinecke, Katharina"]
[Black "Vila Dupla, Aurelio"]
[Result "0-1"]
[Board "145"]
[TimeControl "180+1"]
[WhiteFideId "12929727"]
[BlackFideId "2203383"]
[WhiteElo "2026"]
[BlackElo "2160"]
[WhiteTeam "GER"]
[BlackTeam "ESP"]
[WhiteClock "0:00:44"]
[BlackClock "0:00:17"]

1. d4 Nf6 2. c4 g6 3. Nf3 Bg7 4. g3 O-O 5. Bg2 c6 6. O-O d5 7. cxd5 cxd5 8. Nc3 Ne4 9. e3 Nxc3 10. bxc3 Nc6 11. Nd2 Na5 12. a4 Be6 13. Ba3 Rc8 14. Bb4 Nc4 15. Nxc4 Rxc4 16. Qb3 Qc8 17. Rfc1 Bh3 18. Bxe7 Re8 19. Bc5 Bxg2 20. Kxg2 b6 21. Bb4 Qc6 22. a5 Rc8 23. axb6 Qxb6 24. Ra4 Bf8 25. Rb1 Qc7 26. Ba5 Qc6 27. Rxc4 dxc4+ 28. f3 cxb3 29. Rxb3 Qc4 30. Rb7 Qe2+ 31. Kh3 Qxf3 32. Rxa7 Qxe3 33. Rc7 Rxc7 34. Bxc7 Qxc3 35. Be5 Bg7 36. Bxg7 Kxg7 0-1

[Event "January 9 Late 2024"]
[Site "https://www.chess.com"]
[Date "2024.01.09"]
[Round "9"]
[White "Gulamirian, Korun"]
[Black "Feliz Dotel, Dewar Bienvenido"]
[Result "0-1"]
[Board "146"]
[TimeControl "180+1"]
[WhiteFideId "4144899"]
[BlackFideId "6402801"]
[WhiteElo "1650"]
[BlackElo "2158"]
[WhiteTeam "RUS"]
[BlackTeam "DOM"]
[WhiteClock "0:00:00"]
[BlackClock "0:00:08"]

1. e4 c5 2. Nf3 g6 3. c3 d5 4. exd5 Qxd5 5. Bb5+ Nc6 6. h3 Bg7 7. O-O Nf6 8. c4 Qd6 9. Nc3 O-O 10. d3 Bf5 11. d4 Nxd4 12. Be3 Bc2 13. Qd2 Nxf3+ 14. gxf3 Qxd2 15. Bxd2 a6 16. Ba4 Bd3 17. Rfe1 Bxc4 18. Rxe7 b5 19. Bc2 Nd5 20. Nxd5 Bxd5 21. Be4 Bxe4 22. fxe4 Rfe8 23. Rxe8+ Rxe8 24. f3 Bxb2 25. Rb1 Bd4+ 26. Kg2 c4 27. Be1 c3 28. Rc1 b4 29. Kf1 a5 30. Ke2 Be5 31. Kd3 Rd8+ 32. Kc4 Bf4 33. Rc2 Rd1 34. Bh4 Rd2 35. Kb3 Rxc2 36. Kxc2 Bd6 37. Bf2 a4 0-1

[Event "January 9 Late 2024"]
[Site "https://www.chess.com"]
[Date "2024.01.09"]
[Round "9"]
[White "Winkels, Marcel"]
[Black "Tikhonov, Viacheslav"]
[Result "0-1"]
[Board "147"]
[TimeControl "180+1"]
[WhiteFideId "1003887"]
[BlackFideId "44196407"]
[WhiteElo "2017"]
[BlackElo "2512"]
[WhiteTeam "NED"]
[BlackTeam "RUS"]
[WhiteClock "0:00:00"]
[BlackClock "0:01:53"]

1. e4 c5 2. a3 g6 3. Nf3 Bg7 4. Bc4 Nc6 5. O-O Nf6 6. d3 O-O 7. Nc3 e6 8. h3 d5 9. exd5 Nxd5 10. Bd2 Nd4 11. Nxd4 Bxd4 12. Rb1 b6 13. Ne2 Bb7 14. Nxd4 cxd4 15. Bh6 Re8 16. Re1 Qh4 17. Qd2 f6 18. Bxd5 Bxd5 19. Qf4 Qxf4 20. Bxf4 e5 21. Bd2 Rac8 22. Rbc1 Rc6 23. Re2 Rec8 24. Be1 Be6 25. f3 Bf5 26. Rd2 h5 27. g4 Be6 28. Kf1 g5 29. Ke2 Kf7 30. Kd1 Rh8 31. Rg2 Bd5 32. Rf2 Ke6 33. c4 dxc3 34. Rxc3 Rd6 35. Kc2 hxg4 36. hxg4 Rh3 37. d4 exd4 38. Re2+ Kd7 0-1

[Event "January 9 Late 2024"]
[Site "https://www.chess.com"]
[Date "2024.01.09"]
[Round "9"]
[White "Ivanov, Aleksandr"]
[Black "Thake, Conrad"]
[Result "1-0"]
[Board "148"]
[TimeControl "180+1"]
[WhiteFideId "2092980"]
[BlackFideId "5602947"]
[WhiteElo "2142"]
[BlackElo "1851"]
[WhiteTeam "USA"]
[BlackTeam "MLT"]
[WhiteClock "0:00:42"]
[BlackClock "0:00:00"]

1. d4 c5 2. d5 d6 3. c4 Nf6 4. Nc3 g6 5. e4 Bg7 6. Be2 O-O 7. Nf3 e6 8. O-O exd5 9. exd5 Bg4 10. Re1 Bxf3 11. Bxf3 Nbd7 12. Bf4 Ne5 13. Bxe5 dxe5 14. Rxe5 Ng4 15. Re4 f5 16. Re6 Bd4 17. Re2 Qh4 18. Bxg4 Qxg4 19. Nb5 Bg7 20. Nc7 Rac8 21. Ne6 Rf7 22. Qc2 f4 23. f3 Qh4 24. Nxg7 Rxg7 25. Rae1 Rf7 26. Qe4 Qf6 27. Qe6 Rf8 28. Qxf6 Rxf6 29. Re7 R6f7 30. Kf2 Kg7 31. b3 Kf6 32. R1e6+ Kg7 33. Ke2 h6 34. Kd3 b6 35. Ke4 g5 36. Rxf7+ 1-0

[Event "January 9 Late 2024"]
[Site "https://www.chess.com"]
[Date "2024.01.09"]
[Round "9"]
[White "Awoki, Daniel Teidi"]
[Black "Van Baar, Esper"]
[Result "1-0"]
[Board "149"]
[TimeControl "180+1"]
[WhiteFideId "2100827"]
[BlackFideId "1049321"]
[WhiteElo "2417"]
[BlackElo "2091"]
[WhiteTeam "BRA"]
[BlackTeam "NED"]
[WhiteClock "0:00:52"]
[BlackClock "0:00:00"]

1. e4 c6 2. d4 d5 3. exd5 cxd5 4. c4 Nf6 5. Nc3 e6 6. Nf3 Bb4 7. cxd5 Nxd5 8. Bd2 Nc6 9. Bd3 O-O 10. O-O Be7 11. Qe2 Bf6 12. Qe4 g6 13. Bh6 Bg7 14. Bxg7 Kxg7 15. Rad1 Nf6 16. Qh4 Nd5 17. Nxd5 Qxh4 18. Nxh4 exd5 19. Bb5 Bg4 20. Rd2 g5 21. Nf3 Bxf3 22. Bxc6 Bxg2 23. Bxb7 Bxf1 24. Bxa8 Rxa8 25. Kxf1 Re8 26. b4 Rc8 27. a3 Rc3 28. a4 Rc4 29. Rb2 Rxd4 30. Ke2 Kf6 31. Ke3 Ke5 32. a5 a6 33. b5 axb5 34. Ra2 Rc4 35. a6 Rc8 36. a7 Ra8 37. Kd3 b4 38. Kc2 Kd4 39. Kb3 Kc5 40. Ra5+ Kb6 41. Rxd5 Rxa7 42. Rxg5 Ra3+ 43. Kxb4 Rf3 44. Rg2 Kc6 45. Kc4 Kd6 46. Kd4 Ke6 47. Ke4 Rh3 48. Kf4 Kf6 49. Kg4 Rh6 50. Kf4 Rg6 51. Rg3 h5 52. Rh3 Rg4+ 53. Kf3 Kg5 54. Rg3 f5 55. Rh3 Rf4+ 56. Kg2 Rg4+ 57. Kf1 f4 58. Ra3 Rh4 59. Kg2 Rg4+ 60. Kh1 Rh4 61. h3 Rxh3+ 62. Rxh3 Kg4 63. Ra3 f3 64. Kh2 1-0

[Event "January 9 Late 2024"]
[Site "https://www.chess.com"]
[Date "2024.01.10"]
[Round "9"]
[White "Wang, Alexander J"]
[Black "Oliveira, Tiago Batista"]
[Result "1-0"]
[Board "150"]
[TimeControl "180+1"]
[WhiteFideId "30955270"]
[BlackFideId "2108291"]
[WhiteElo "2199"]
[BlackElo "2020"]
[WhiteTeam "USA"]
[BlackTeam "BRA"]
[WhiteClock "0:00:09"]
[BlackClock "0:00:00"]

1. e4 e5 2. Nf3 Nc6 3. Bb5 a6 4. Ba4 Nf6 5. d4 b5 6. dxe5 Nxe4 7. Bb3 Nc5 8. Bd5 Be7 9. Nc3 O-O 10. O-O Bb7 11. Bf4 d6 12. Re1 dxe5 13. Nxe5 Nxe5 14. Bxe5 Bf6 15. Bxb7 Nxb7 16. Qxd8 Bxd8 17. Rad1 c6 18. Ne4 Bb6 19. Rd7 Nc5 20. Nxc5 Bxc5 21. Rc7 Rfc8 22. g3 Bf8 23. Rxc8 Rxc8 24. Bf4 c5 25. c3 c4 26. a3 a5 27. Re5 b4 28. Rxa5 bxa3 29. bxa3 h6 30. a4 Rc6 31. Ra8 g5 32. Be3 Kg7 33. Bd4+ f6 34. a5 Kf7 35. a6 Bc5 36. Bxc5 Rxc5 37. Ra7+ Kg6 38. Rb7 Ra5 39. a7 Ra3 40. Kg2 h5 41. Kf3 g4+ 42. Ke4 f5+ 43. Kd4 Ra4 44. Kc5 f4 45. Kb5 h4 46. Kxa4 fxg3 47. fxg3 hxg3 48. hxg3 1-0

[Event "January 9 Late 2024"]
[Site "https://www.chess.com"]
[Date "2024.01.09"]
[Round "9"]
[White "Smirnov, Timofey"]
[Black "Guzman Lozano, Campo Elias"]
[Result "1-0"]
[Board "151"]
[TimeControl "180+1"]
[WhiteFideId "24176427"]
[BlackFideId "4403746"]
[WhiteElo "1986"]
[BlackElo "2163"]
[WhiteTeam "RUS"]
[BlackTeam "COL"]
[WhiteClock "0:00:09"]
[BlackClock "0:00:07"]

1. e4 c5 2. c3 Nf6 3. e5 Nd5 4. Nf3 d6 5. exd6 e6 6. d4 cxd4 7. Nxd4 Bxd6 8. Bc4 Nb6 9. Bb3 O-O 10. O-O Na6 11. Re1 Nc5 12. Be3 Nxb3 13. axb3 Nd5 14. Nd2 a6 15. Nc4 Bc7 16. Qd2 f5 17. Bg5 Qe8 18. Re2 Qh5 19. g3 f4 20. Nxe6 f3 21. Qxd5 Rf7 22. Re3 Bxe6 23. Rxe6 Qh3 24. Ne3 Raf8 25. Re7 Qh5 26. Rd1 h6 27. Rxf7 Qxf7 28. Qxf7+ Rxf7 29. Bd8 Be5 30. Nc4 Bb8 31. Bb6 Kh7 32. Rd3 g5 33. Kf1 g4 34. Ne3 h5 35. Nd5 Be5 36. Bd4 Bg7 37. Re3 Rd7 38. Bxg7 Kxg7 39. c4 b5 40. Re7+ Rxe7 41. Nxe7 Kf6 42. cxb5 axb5 43. Nd5+ Ke5 44. Ne3 Kd4 45. Ke1 Kd3 46. Kd1 b4 47. Nf5 Ke4 48. Ng7 h4 49. Nh5 hxg3 50. hxg3 Kf5 51. Kd2 Ke5 52. Nf4 Ke4 53. Nd3 Kd4 54. Nxb4 1-0

[Event "January 9 Late 2024"]
[Site "https://www.chess.com"]
[Date "2024.01.09"]
[Round "9"]
[White "Piscicelli, Daniel Orlando"]
[Black "Vargas, Mauricio"]
[Result "0-1"]
[Board "152"]
[TimeControl "180+1"]
[WhiteFideId "101958"]
[BlackFideId "4404572"]
[WhiteElo "2161"]
[BlackElo "1848"]
[WhiteTeam "ARG"]
[BlackTeam "COL"]
[WhiteClock "0:00:11"]
[BlackClock "0:01:52"]

1. e4 d5 2. exd5 Qxd5 3. Nc3 Qa5 4. d4 c6 5. Bd2 Qc7 6. Nf3 Nf6 7. Bd3 Bg4 8. O-O e6 9. Ne4 Nbd7 10. h3 h5 11. Ng3 h4 12. Ne4 Bh5 13. Nxf6+ Nxf6 14. Bg5 Be7 15. Bxh4 Bxf3 16. Qxf3 Rxh4 17. Qg3 Qxg3 18. fxg3 Rh8 19. c4 O-O-O 20. Rf4 g5 21. Rf3 Rxd4 22. b3 Rhd8 23. Bf1 Rd1 24. Rxd1 Rxd1 25. g4 Kd8 26. Kh1 Ke8 27. Kh2 Bd6+ 28. Kh1 Ne4 0-1

[Event "January 9 Late 2024"]
[Site "https://www.chess.com"]
[Date "2024.01.09"]
[Round "9"]
[White "Shevchenko, Danylo"]
[Black "Prokhorov, Oleksandr"]
[Result "1/2-1/2"]
[Board "153"]
[TimeControl "180+1"]
[WhiteFideId "14164892"]
[BlackFideId "14105578"]
[WhiteElo "2529"]
[BlackElo "2303"]
[WhiteTeam "UKR"]
[BlackTeam "UKR"]
[WhiteClock "0:00:22"]
[BlackClock "0:00:08"]

1. d3 g6 2. c3 Bg7 3. Nd2 Nf6 4. h3 O-O 5. g4 d5 6. Bg2 e5 7. Nf1 c5 8. Ng3 Nc6 9. g5 Ne8 10. h4 f5 11. gxf6 Nxf6 12. h5 Bg4 13. hxg6 hxg6 14. Qb3 Qd7 15. Nf3 Na5 16. Qc2 Rac8 17. Nxe5 Qe6 18. Nxg6 Rfe8 19. Nf4 Qd7 20. Bd2 Nc6 21. O-O-O Nd4 22. Qb1 Ne6 23. f3 Nxf4 24. Bxf4 Be6 25. Rdg1 d4 26. Ne4 Nxe4 27. fxe4 c4 28. Bf3 dxc3 29. Be5 cxb2+ 30. Qxb2 cxd3+ 31. Kb1 Re7 32. Bxg7 Rxg7 33. Rxg7+ Qxg7 34. Qxg7+ Kxg7 35. exd3 b5 36. d4 Rc3 37. Bd1 Bc4 38. Re1 Kf6 39. Bc2 Ra3 40. Kb2 Rxa2+ 41. Kc3 Ra3+ 42. Kb4 Ra2 43. Bb1 a5+ 44. Kc5 Rb2 45. Kd6 a4 46. e5+ Kg5 47. e6 Rd2 48. Re4 a3 49. e7 Bf7 50. Kd7 b4 51. e8=Q Bxe8+ 52. Kxe8 b3 53. Re3 a2 54. Bxa2 bxa2 55. Ra3 Rxd4 56. Rxa2 Rf4 57. Ke7 Rf5 58. Ke6 Rf6+ 59. Ke7 Rf5 60. Rg2+ Kf4 61. Ke6 Rh5 62. Rf2+ Kg3 63. Ra2 Rh6+ 64. Kf5 Rh5+ 65. Kg6 Rh1 66. Ra3+ Kf2 67. Ra2+ Kg1 68. Rb2 Rh2 69. Rb3 Kg2 70. Kf5 Rh8 71. Rb2+ Kg3 72. Rb3+ Kg2 73. Rb6 Rf8+ 74. Ke4 Re8+ 75. Kf4 Rf8+ 76. Kg4 Rg8+ 77. Kf5 Rf8+ 78. Kg6 Rg8+ 79. Kh5 Rc8 80. Rb5 Kg3 81. Rb3+ Kf4 82. Rb4+ Ke3 83. Rb3+ Kd2 84. Rg3 Rh8+ 85. Kg4 Rg8+ 86. Kf4 Rxg3 87. Kxg3 1/2-1/2

[Event "January 9 Late 2024"]
[Site "https://www.chess.com"]
[Date "2024.01.09"]
[Round "10"]
[White "Nakamura, Hikaru"]
[Black "Nepomniachtchi, Ian"]
[Result "1/2-1/2"]
[Board "1"]
[TimeControl "180+1"]
[WhiteFideId "2016192"]
[BlackFideId "4168119"]
[WhiteElo "3214"]
[BlackElo "3143"]
[WhiteTeam "USA"]
[BlackTeam "RUS"]
[WhiteClock "0:02:59"]
[BlackClock "0:02:59"]

1. Nf3 Nf6 2. Nd4 Nd5 3. Nb3 Nb6 4. Nc3 Nc6 5. Ne4 Ne5 6. Ng5 Ng4 7. Nf3 Nf6 8. Ng1 Ng8 9. Nd4 Nd5 10. Nb5 Nb4 11. Nc3 Nc6 12. Nb1 Nb8 13. Nf3 Nf6 14. Nd4 Nd5 15. Nb3 Nb6 16. Nc3 Nc6 17. Ne4 Ne5 18. Ng5 Ng6 19. Nf3 Nf4 20. Ng1 Nh5 21. Nh3 Nf6 22. Ng1 Ng8 23. Nd4 Nd5 24. Nb5 Nb4 25. Nc3 Nc6 26. Nb1 Nb8 27. Nf3 1/2-1/2

[Event "January 9 Late 2024"]
[Site "https://www.chess.com"]
[Date "2024.01.09"]
[Round "10"]
[White "Dubov, Daniil"]
[Black "Sevian, Samuel"]
[Result "1/2-1/2"]
[Board "2"]
[TimeControl "180+1"]
[WhiteFideId "24126055"]
[BlackFideId "2040506"]
[WhiteElo "3138"]
[BlackElo "3160"]
[WhiteTeam "RUS"]
[BlackTeam "USA"]
[WhiteClock "0:00:13"]
[BlackClock "0:00:16"]

1. d4 Nf6 2. Bf4 d5 3. e3 e6 4. Nd2 c5 5. Ngf3 Nc6 6. c3 Bd6 7. Bg3 O-O 8. Bb5 Ne7 9. Bd3 c4 10. Bc2 b5 11. a3 Bb7 12. O-O a5 13. Bh4 Ng6 14. Bxf6 Qxf6 15. e4 Bc7 16. Re1 Qd8 17. g3 Ra6 18. e5 f5 19. exf6 gxf6 20. Nf1 Kh8 21. Ne3 Rg8 22. Ng2 Qf8 23. Qe2 Qh6 24. Kh1 Bc8 25. Nfh4 Bd7 26. Qf3 Nxh4 27. Nxh4 Raa8 28. Re2 Rae8 29. Rae1 Qg5 30. Ng2 b4 31. axb4 axb4 32. Re3 b3 33. Bb1 Bd6 34. Qe2 Qh6 35. f4 Re7 36. Qf2 Rge8 37. Nh4 Bc6 38. Kg1 Bd7 39. Kh1 Bc6 40. Kg1 Bd7 41. Kh1 1/2-1/2

[Event "January 9 Late 2024"]
[Site "https://www.chess.com"]
[Date "2024.01.09"]
[Round "10"]
[White "Pranav, V"]
[Black "Aronian, Levon"]
[Result "0-1"]
[Board "3"]
[TimeControl "180+1"]
[WhiteFideId "25060783"]
[BlackFideId "13300474"]
[WhiteElo "3052"]
[BlackElo "3119"]
[WhiteTeam "IND"]
[BlackTeam "USA"]
[WhiteClock "0:00:00"]
[BlackClock "0:00:14"]

1. e4 c5 2. Nf3 e6 3. b3 Nc6 4. Bb2 d6 5. d4 cxd4 6. Nxd4 Nxd4 7. Qxd4 Nf6 8. Nc3 a6 9. O-O-O Qc7 10. f4 Bd7 11. Be2 Rc8 12. Bf3 b5 13. Kb1 b4 14. Qxb4 d5 15. Qd4 Bc5 16. Qd3 Bb4 17. e5 Bxc3 18. exf6 gxf6 19. Rhe1 O-O 20. g3 Bb5 21. Qxc3 Qxc3 22. Bxc3 Rxc3 23. Be2 Rfc8 24. Rd2 Re3 25. Kc1 Kg7 26. Kd1 Rec3 27. Bxb5 axb5 28. Kc1 f5 29. Kb2 Kf6 30. Ree2 h5 31. Rd4 Rf3 32. Rb4 Rc5 33. Rg2 h4 34. gxh4 Rh3 35. a4 bxa4 36. Rxa4 Rxh4 37. Rd4 Rc8 38. Rf2 Rch8 39. b4 Rxh2 40. Rxh2 Rxh2 41. b5 Ke7 42. Kb3 Kd6 43. Rb4 Kc7 44. Kc3 Kb6 45. Kd4 Re2 46. Kd3 Re4 0-1

[Event "January 9 Late 2024"]
[Site "https://www.chess.com"]
[Date "2024.01.09"]
[Round "10"]
[White "Hakobyan, Aram"]
[Black "Van Foreest, Jorden"]
[Result "1-0"]
[Board "4"]
[TimeControl "180+1"]
[WhiteFideId "13306677"]
[BlackFideId "1039784"]
[WhiteElo "3026"]
[BlackElo "3051"]
[WhiteTeam "ARM"]
[BlackTeam "NED"]
[WhiteClock "0:01:18"]
[BlackClock "0:01:07"]

1. e4 e5 2. Nf3 Nc6 3. Bb5 Nf6 4. O-O Nxe4 5. d4 Nd6 6. dxe5 Nxb5 7. a4 Nbd4 8. Nxd4 d5 9. Nxc6 bxc6 10. Qd3 Be7 11. Qg3 Kf8 12. Nd2 h5 13. h3 Bf5 14. Nb3 c5 15. Na5 Qd7 16. c4 d4 17. Bg5 Kg8 18. Bxe7 Qxe7 19. Qf3 Rb8 20. Nc6 Qe6 21. Nxb8 Rh6 22. Na6 Rg6 23. Nxc5 Qxe5 24. Nd3 Qe4 25. Qxe4 Bxe4 26. Nf4 Rb6 27. f3 Bc2 28. Rf2 d3 29. Rd2 Rb3 30. Ra3 1-0

[Event "January 9 Late 2024"]
[Site "https://www.chess.com"]
[Date "2024.01.09"]
[Round "10"]
[White "Chigaev, Maksim"]
[Black "Bortnyk, Olexandr"]
[Result "0-1"]
[Board "5"]
[TimeControl "180+1"]
[WhiteFideId "4108116"]
[BlackFideId "14120828"]
[WhiteElo "2992"]
[BlackElo "3115"]
[WhiteTeam "ESP"]
[BlackTeam "UKR"]
[WhiteClock "0:00:00"]
[BlackClock "0:00:03"]

1. c4 b6 2. Nf3 Bb7 3. g3 Nf6 4. Bg2 g6 5. O-O Bg7 6. d4 O-O 7. Re1 e6 8. h4 d5 9. cxd5 exd5 10. Nc3 Re8 11. Bf4 Na6 12. Rc1 c5 13. e3 Nh5 14. Be5 f6 15. Bf4 Nxf4 16. gxf4 Qd7 17. h5 c4 18. hxg6 hxg6 19. a3 Kf7 20. Ne2 Nc7 21. Ng3 b5 22. f5 g5 23. Nh2 Rh8 24. Ng4 Rh4 25. Bf3 Rah8 26. Kg2 Ne8 27. Rh1 Rxh1 28. Nxh1 Qxf5 29. Ng3 Qe6 30. Qc2 Nd6 31. Rh1 Rxh1 32. Kxh1 f5 33. Nh2 g4 34. Bg2 Bf6 35. Nhf1 a5 36. Qd2 Bd8 37. Kg1 Qh6 38. Ne2 Bc7 39. Nfg3 Qg5 40. Nf4 Ne4 41. Bxe4 fxe4 42. Qc1 Bc6 43. Kg2 Bxf4 44. exf4 Qh6 45. Kg1 Qf6 46. Qd2 Qd8 47. f5 Bd7 48. Qh6 Qf6 49. Qh5+ Ke7 50. Qxg4 Qxd4 51. Qg5+ Qf6 52. Qe3 Qd6 53. Qg5+ Qf6 54. Qe3 b4 55. axb4 axb4 56. Qc5+ Qd6 57. Qd4 Kf7 58. Qh8 Qf6 59. Qh7+ Qg7 60. Qh5+ Ke7 61. Kf1 Qxb2 62. Qh4+ Qf6 63. Qf4 b3 64. Nh5 Qxf5 65. Qh4+ Kd6 66. Nf4 Qe5 67. Qh6+ Kc7 0-1

[Event "January 9 Late 2024"]
[Site "https://www.chess.com"]
[Date "2024.01.09"]
[Round "10"]
[White "Salem, A.R. Saleh"]
[Black "Andreikin, Dmitry"]
[Result "1-0"]
[Board "6"]
[TimeControl "180+1"]
[WhiteFideId "9301348"]
[BlackFideId "4158814"]
[WhiteElo "2976"]
[BlackElo "3101"]
[WhiteTeam "UAE"]
[BlackTeam "FID"]
[WhiteClock "0:00:03"]
[BlackClock "0:00:00"]

1. d4 g6 2. e4 Bg7 3. c4 e6 4. Nc3 Ne7 5. h4 d5 6. cxd5 exd5 7. e5 c5 8. dxc5 Nbc6 9. Nf3 O-O 10. h5 Bg4 11. hxg6 hxg6 12. Be2 Qa5 13. Kf1 Bxf3 14. gxf3 Nxe5 15. Nxd5 Qxc5 16. Nxe7+ Qxe7 17. Be3 Qf6 18. Kg2 Rad8 19. Qg1 Rfe8 20. Qh2 Nd7 21. Rad1 Rxe3 22. fxe3 Qxb2 23. Kf1 Qb6 24. Qh7+ Kf8 25. Qh4 Bf6 26. Qf4 Ne5 27. Rxd8+ Qxd8 28. Kf2 Bg7 29. Qe4 Qd2 30. Rd1 Qxa2 31. f4 Nc6 32. Rd7 Qb2 33. Kf3 Qf6 34. Bc4 Ne5+ 35. Qxe5 Qc6+ 36. Qd5 Ke8 37. Qxc6 bxc6 38. Rxf7 Bc3 39. Rxa7 1-0

[Event "January 9 Late 2024"]
[Site "https://www.chess.com"]
[Date "2024.01.09"]
[Round "10"]
[White "Tabatabaei, M. Amin"]
[Black "Zhigalko, Sergei"]
[Result "1-0"]
[Board "7"]
[TimeControl "180+1"]
[WhiteFideId "12521213"]
[BlackFideId "13502956"]
[WhiteElo "3097"]
[BlackElo "2949"]
[WhiteTeam "IRI"]
[BlackTeam "BLR"]
[WhiteClock "0:01:15"]
[BlackClock "0:00:00"]

1. e4 c5 2. Nf3 Nc6 3. Bb5 Nf6 4. Nc3 Qc7 5. O-O Nd4 6. Re1 a6 7. Bc4 d6 8. h3 e6 9. a4 Be7 10. d3 Nc6 11. Bf4 Nd7 12. Bg3 O-O 13. Qd2 h6 14. Rad1 Nde5 15. Nxe5 dxe5 16. Rf1 Bg5 17. f4 exf4 18. Bxf4 Bxf4 19. Rxf4 Nd4 20. Rdf1 Qe5 21. a5 Bd7 22. Nd1 Rad8 23. Ne3 Bb5 24. Ng4 Qg5 25. Bxb5 axb5 26. h4 Qh5 27. c3 Nc6 28. Qf2 Rxd3 29. Qe2 Rg3 30. Nf6+ gxf6 31. Qxh5 1-0

[Event "January 9 Late 2024"]
[Site "https://www.chess.com"]
[Date "2024.01.09"]
[Round "10"]
[White "Oparin, Grigoriy"]
[Black "Aravindh, Chithambaram VR."]
[Result "0-1"]
[Board "8"]
[TimeControl "180+1"]
[WhiteFideId "24125890"]
[BlackFideId "5072786"]
[WhiteElo "3065"]
[BlackElo "2941"]
[WhiteTeam "USA"]
[BlackTeam "IND"]
[WhiteClock "0:00:01"]
[BlackClock "0:00:05"]

1. Nf3 Nf6 2. g3 b5 3. e3 a6 4. Bg2 Bb7 5. O-O e6 6. b3 Be7 7. Bb2 O-O 8. d4 c5 9. Nbd2 d5 10. dxc5 Bxc5 11. Qe2 Nbd7 12. Rfd1 Qc7 13. c4 dxc4 14. bxc4 b4 15. Nb3 Be7 16. Rac1 a5 17. Nbd4 Nc5 18. Nb5 Qc8 19. Bxf6 Bxf6 20. Nd6 Qc7 21. Nxb7 Nxb7 22. Nd4 Rad8 23. c5 Nxc5 24. Qb5 Rc8 25. Rc4 Be7 26. Nc6 Bd6 27. Rxd6 Qxd6 28. Rxc5 Kh8 29. Bf3 Qd2 30. Qxa5 Ra8 31. Na7 Rad8 32. Qa6 Qe1+ 33. Qf1 Qd2 34. Nc6 Ra8 35. Rc4 Rxa2 36. Rxb4 Qc3 37. Rb1 Rfa8 38. Nd4 Re8 39. Rc1 Qa5 40. Rd1 Qa7 41. h4 Qa5 42. Kg2 Rf8 43. Qd3 h6 44. Ne2 Ra3 45. Qe4 Kg8 46. Nf4 Ra4 47. Qd3 Ra3 48. Qd6 Ra2 49. Nh3 Qa3 50. Rd3 Qb2 51. Rd1 Qc2 52. Qd4 Qb2 53. Qd3 Qa3 54. Qd7 Qxe3 55. Qd6 Qa7 56. Qd3 Qa3 57. Qe4 Qa4 58. Qe5 Qa5 59. Qf4 Qa7 60. Qg4 Ra4 61. Qh5 Qa5 62. Qxa5 Rxa5 63. Nf4 Rb8 64. Rd2 Rab5 65. Rd7 Rc8 66. Nd3 Rbb8 67. Ne5 Rf8 68. Nc6 Rb2 69. Ne5 Rc2 70. Bh5 g6 71. Bf3 Rc5 72. Nd3 Ra5 73. h5 g5 74. g4 Kg7 75. Nb4 Rb5 76. Nc6 Rc5 77. Nd4 Kf6 78. Nc6 Rc8 79. Nd4 R5c7 80. Rd6 Ke5 81. Nb5 Rc2 82. Rd3 Rb2 83. Re3+ Kf6 84. Nd4 Rd8 85. Ne2 Rd6 86. Re4 Kg7 87. Re3 Rdd2 88. Re4 Rdc2 89. Re3 Ra2 90. Kg3 Rd2 91. Nc3 Rac2 92. Ne4 Rd4 93. Ra3 f5 94. gxf5 exf5 95. Rc3 Rxc3 96. Nxc3 Rd3 97. Nd5 g4 98. Kf4 Rxf3+ 0-1

[Event "January 9 Late 2024"]
[Site "https://www.chess.com"]
[Date "2024.01.09"]
[Round "10"]
[White "Ibarra Jerez, Jose Carlos"]
[Black "Sarana, Alexey"]
[Result "0-1"]
[Board "9"]
[TimeControl "180+1"]
[WhiteFideId "2226332"]
[BlackFideId "24133795"]
[WhiteElo "2931"]
[BlackElo "3048"]
[WhiteTeam "ESP"]
[BlackTeam "SRB"]
[WhiteClock "0:00:00"]
[BlackClock "0:00:48"]

1. e4 c5 2. Nf3 e6 3. d3 Nc6 4. g3 Nf6 5. Bg2 d5 6. Qe2 Be7 7. O-O O-O 8. e5 Nd7 9. c4 Qc7 10. Bf4 Nb6 11. Nc3 Rd8 12. h4 a6 13. Rac1 Nd4 14. Nxd4 cxd4 15. cxd5 dxc3 16. d6 Qd7 17. dxe7 Qxe7 18. Bg5 f6 19. exf6 gxf6 20. Be3 cxb2 21. Qxb2 Nd5 22. Bc5 Qf7 23. Rfe1 e5 24. d4 exd4 25. Bxd4 Be6 26. Rc5 Rd6 27. Qc1 Rad8 28. Ba1 Nb4 29. Rc7 Qg6 30. Qa3 Nc2 31. Rxc2 Qxc2 32. Bf3 Qf5 33. Bg2 Bd5 0-1

[Event "January 9 Late 2024"]
[Site "https://www.chess.com"]
[Date "2024.01.09"]
[Round "10"]
[White "Fedoseev, Vladimir"]
[Black "Schroeder, Jan-Christian"]
[Result "1/2-1/2"]
[Board "10"]
[TimeControl "180+1"]
[WhiteFideId "24130737"]
[BlackFideId "24662259"]
[WhiteElo "3045"]
[BlackElo "2864"]
[WhiteTeam "SLO"]
[BlackTeam "GER"]
[WhiteClock "0:00:07"]
[BlackClock "0:00:30"]

1. c4 e6 2. Nf3 d5 3. b3 Nf6 4. Bb2 Be7 5. g3 O-O 6. Bg2 b6 7. cxd5 Nxd5 8. O-O Bb7 9. Ne5 Nd7 10. Nc4 Bf6 11. d4 c5 12. e4 Nc7 13. Nd6 Ba6 14. e5 Bxf1 15. Bxa8 Qxa8 16. Qxf1 Be7 17. dxc5 Nxc5 18. Nc3 Rd8 19. Rd1 Ne8 20. Ncb5 a6 21. Nxe8 Rxd1 22. Qxd1 Qxe8 23. Nd6 Qc6 24. Ba3 g6 25. Nc4 Bf8 26. h4 b5 27. Ne3 Qe4 28. Ng4 Qd3 29. Nf6+ Kg7 30. Ne8+ Kg8 31. Nf6+ Kg7 32. Qc1 Qd4 33. Qg5 h6 34. Ne8+ Kg8 35. Nf6+ Kg7 36. Ne8+ Kg8 37. Nf6+ Kh8 38. Qc1 Nd3 39. Qd2 b4 40. Bb2 Qxb2 41. Qxd3 Qxe5 42. Nd7 Qd6 43. Qxd6 Bxd6 44. Nb6 Kg7 45. Nc4 Bc5 46. Kf1 f6 47. Ke2 e5 48. f3 Kf7 49. Na5 h5 50. Nc4 Ke6 51. Nd2 f5 52. Nc4 Be7 53. Nb2 Kd5 54. Nd3 Kd4 55. f4 Bd6 56. fxe5 Bxe5 57. Nxb4 Bxg3 58. Nxa6 Bxh4 59. b4 Bd8 60. a4 h4 61. a5 Kc4 62. Nb8 Kxb4 63. Nc6+ Kb5 64. Nxd8 Kxa5 65. Ne6 1/2-1/2

[Event "January 9 Late 2024"]
[Site "https://www.chess.com"]
[Date "2024.01.09"]
[Round "10"]
[White "Maksimovic, Bojan"]
[Black "Iturrizaga Bonelli, Eduardo"]
[Result "0-1"]
[Board "11"]
[TimeControl "180+1"]
[WhiteFideId "14408120"]
[BlackFideId "3901211"]
[WhiteElo "2864"]
[BlackElo "3043"]
[WhiteTeam "BIH"]
[BlackTeam "ESP"]
[WhiteClock "0:00:00"]
[BlackClock "0:00:15"]

1. a3 Nf6 2. h3 g6 3. d4 Bg7 4. c4 O-O 5. Nf3 d6 6. Nc3 Nbd7 7. e4 e5 8. d5 Nc5 9. Bd3 a5 10. b3 Nh5 11. Bc2 f5 12. Be3 Nf4 13. O-O b6 14. b4 fxe4 15. Nxe4 axb4 16. axb4 Rxa1 17. Qxa1 Ne2+ 18. Kh2 Rxf3 19. bxc5 Qh4 20. Ng5 e4 21. Qa8 Be5+ 22. Kh1 Ng3+ 23. Kg1 Ne2+ 24. Kh1 Rf8 25. Qa3 Ng3+ 26. Kg1 Nxf1 27. Kxf1 bxc5 28. Ne6 Bxe6 29. dxe6 Bd4 30. Ke1 Rxf2 31. Bxf2 Qxf2+ 32. Kd1 Qf1+ 33. Kd2 e3+ 0-1